Map: Proxima Station LE

Players

Believe

  • Race: Terran Terran
  • League: Grandmaster
  • Spawn Location: 7:00

Jason - Winner!

  • Race: Terran Terran
  • League: Grandmaster
  • Spawn Location: 1:00

VOD

Have the link to the VOD?

Description

Time

  • Played on: July 1, 2017, 10:07 p.m.
  • Length: 9:33
Show
View Real Time Build Order
Export as new Build Order

Believe Terran 

Build Orders: Reaper Expand, MMM Bio, Banshee Rush 

Get SALT Encoding   

  12  0:06  SCV  
  13  0:18  SCV  
  14  0:25  Supply Depot  
  14  0:30  SCV  
  15  0:46  Refinery  
  15  0:47  SCV  
  15  0:48  Barracks  
  16  0:59  SCV  
  17  1:11  SCV  
  18  1:23  SCV  
  19  1:35  Orbital Command, Reaper  
  20  1:46  Command Center  
  20  1:59  Supply Depot  
  20  2:01  SCV  
  21  2:07  Marine  
  22  2:12  Factory  
  22  2:15  SCV  
  23  2:18  Refinery  
  23  2:29  SCV  
  24  2:33  Barracks Reactor  
  24  2:42  SCV  
  25  2:54  SCV  
  25  2:57  Orbital Command  
  26  3:03  Starport  
  26  3:05  Factory Tech Lab  
  26  3:07  SCV  
  26  3:10  Marine x2  
  30  3:20  SCV  
  30  3:26  SCV  
  31  3:27  Marine  
  31  3:28  Marine  
  31  3:32  SCV  
  31  3:34  Factory Tech Lab  
  34  3:38  SCV  
  35  3:44  SCV  
  36  3:50  SCV  
  36  3:51  Cloaking Field, Banshee  
  40  3:56  SCV  
  40  3:58  Command Center, Supply Depot  
  41  4:05  SCV  
  41  4:06  Marine, Siege Tank  
  46  4:16  Supply Depot  
  46  4:19  Marine  
  46  4:20  SCV  
  46  4:21  SCV  
  49  4:24  Marine  
  49  4:29  Barracks  
  50  4:33  Barracks  
  50  4:36  Banshee  
  50  4:37  Marine  
  54  4:42  Supply Depot  
  54  4:50  Supply Depot  
  54  5:04  SCV x2, Siege Tank  
  54  5:05  Supply Depot  
  59  5:12  SCV  
  58  5:16  SCV x2  
  58  5:17  Marine  
  58  5:18  Marine  
  64  5:23  Barracks Reactor  
  64  5:24  SCV  
  59  5:28  SCV x2  
  61  5:36  SCV  
  61  5:40  SCV x2  
  64  5:46  Stimpack, Marine x2  
  64  5:48  Orbital Command  
  63  5:52  SCV  
  63  5:53  SCV, Marine  
  66  6:03  Engineering Bay x2  
  66  6:04  Marine  
  67  6:11  Barracks, Marine  
  67  6:13  Barracks  
  67  6:14  Orbital Command  
  67  6:15  SCV  
  69  6:21  SCV  
  67  6:26  Marine x2  
  67  6:27  SCV  
  67  6:31  Refinery x2, Starport Reactor  
  70  6:33  SCV  
  70  6:38  Supply Depot  
  70  6:39  Terran Infantry Armor Level 1, SCV, Terran Infantry Weapons Level 1  
  72  6:40  Marine x3  
  72  6:44  Marine  
  75  6:51  SCV  
  75  6:52  Marine  
  69  6:57  Marine  
  69  6:58  Marine  
  65  7:02  Marine x2  
  65  7:03  Marine x2  
  65  7:04  Siege Tank  
  65  7:05  SCV  
  65  7:07  SCV x2  
  72  7:14  Armory, Marine  
  72  7:15  Marine, Medivac  
  75  7:16  Marine  
  75  7:17  SCV  
  75  7:19  SCV x2  
  75  7:20  Marine x3, Medivac  
  75  7:21  Refinery, Marine  
  87  7:30  SCV  
  87  7:31  SCV  
  87  7:34  SCV  
  89  7:40  Marine x2  
  89  7:41  Marine x5  
  89  7:42  SCV  
  89  7:43  SCV  
  89  7:44  Siege Tank  
  101  7:46  Combat Shields  
  101  7:50  Refinery  
  101  7:51  Supply Depot  
  101  7:54  SCV x2, Medivac x2  
  101  7:58  Marine x2  
  108  7:59  Missile Turret, SCV  
  110  8:06  SCV  
  110  8:09  SCV, Sensor Tower  
  110  8:10  Sensor Tower, Marine x3  
  110  8:11  Marine  
  116  8:17  Siege Tank  
  119  8:24  SCV  
  120  8:33  Marine x4  
  123  8:34  Medivac  
  123  8:38  SCV  
  124  8:43  Armory  
  115  8:49  Siege Tank  
  115  8:54  Marine x2  
  115  8:55  Marine x4  
  91  8:57  Marine  
  94  9:07  Engineering Bay  
  94  9:12  Marine x2  
  94  9:13  Marine x4  
  94  9:15  Marine  
Show
View Real Time Build Order
Export as new Build Order

Jason Terran - Winner!

Build Orders: Reaper Expand, MMM Bio 

Get SALT Encoding   

  12  0:01  SCV  
  13  0:13  SCV  
  14  0:18  Supply Depot  
  14  0:25  SCV  
  15  0:31  Refinery  
  15  0:40  SCV  
  16  0:46  Barracks  
  16  0:53  SCV  
  17  1:05  SCV  
  18  1:20  SCV  
  19  1:33  Orbital Command  
  19  1:34  Reaper  
  20  1:46  Command Center  
  20  1:56  Factory  
  20  2:00  SCV  
  21  2:05  Refinery  
  21  2:08  Barracks Reactor  
  21  2:15  SCV  
  22  2:18  Supply Depot  
  22  2:27  SCV  
  23  2:40  SCV  
  23  2:42  Starport  
  24  2:44  Marine x2  
  24  2:48  Hellion  
  28  2:52  SCV  
  29  2:59  Orbital Command  
  29  3:04  Marine x2  
  31  3:07  SCV  
  32  3:13  Supply Depot  
  32  3:22  Cyclone  
  32  3:23  SCV  
  32  3:26  SCV  
  37  3:31  Medivac  
  39  3:34  Marine  
  39  3:35  Marine  
  39  3:37  SCV  
  39  3:40  SCV  
  43  3:49  SCV  
  43  3:54  Cyclone  
  47  3:56  Marine x2  
  47  3:58  SCV  
  50  4:03  Supply Depot  
  50  4:06  SCV  
  50  4:09  Engineering Bay  
  51  4:10  SCV  
  51  4:14  Marine x2  
  54  4:23  Supply Depot  
  54  4:24  Viking  
  54  4:25  SCV  
  54  4:29  Factory Tech Lab  
  58  4:31  SCV  
  58  4:36  Supply Depot  
  58  4:37  SCV, Marine x2  
  61  4:51  Siege Tank  
  64  4:54  SCV x2  
  64  4:57  Refinery  
  64  4:58  Barracks  
  66  5:00  Barracks  
  66  5:01  Supply Depot  
  66  5:03  Terran Infantry Weapons Level 1  
  66  5:06  SCV  
  67  5:09  Barracks Tech Lab  
  67  5:10  Starport Reactor  
  67  5:11  SCV  
  68  5:18  SCV  
  69  5:22  Barracks  
  69  5:24  Barracks  
  69  5:26  Missile Turret  
  69  5:28  Missile Turret, SCV  
  68  5:29  Marine  
  67  5:37  Siege Tank  
  67  5:47  SCV  
  67  5:49  SCV  
  69  5:52  Marine  
  69  5:54  Barracks Reactor, Medivac x2  
  74  6:00  SCV  
  74  6:01  Marine x2  
  74  6:03  SCV  
  78  6:12  SCV  
  78  6:15  SCV  
  78  6:16  Barracks Reactor x2  
  80  6:21  Marine x3  
  80  6:22  Stimpack  
  80  6:23  Barracks Tech Lab  
  80  6:24  SCV  
  80  6:38  Marine x2, Siege Tank  
  80  6:39  SCV  
  86  6:41  Refinery  
  86  6:43  Supply Depot  
  86  6:45  Supply Depot  
  86  6:46  SCV  
  87  6:51  SCV  
  77  6:57  Marine  
  74  7:02  Marine x3  
  74  7:03  Marine x4  
  74  7:06  SCV  
  74  7:07  SCV  
  83  7:09  Combat Shields  
  83  7:13  Siege Tank  
  83  7:15  Marine  
  87  7:19  Terran Infantry Armor Level 1, Marine  
  87  7:20  Supply Depot  
  88  7:24  Marine x3  
  88  7:27  Marine  
  88  7:29  Marine x2  
  94  7:37  Marine x2  
  94  7:39  Medivac  
  94  7:41  Medivac  
  94  7:42  Marine x2  
  102  7:50  Marine x2  
  102  7:51  Marine x2  
  106  7:54  Marine, Siege Tank  
  106  7:58  Marine  
  111  8:00  Marine  
  112  8:07  Marine  
  112  8:08  Marine  
  112  8:12  Marine  
  115  8:17  Marine x3  
  118  8:22  Supply Depot  
  118  8:24  Supply Depot  
  118  8:25  SCV  
  118  8:26  Siege Tank  
  122  8:32  Marine  
  122  8:33  Marine  
  123  8:39  Marine x3  
  126  8:43  Marine  
  126  8:44  Medivac  
  129  8:54  Marine x2  
  129  8:55  Marine x2  
  124  8:57  Marine x3  
  124  8:58  Siege Tank  
  132  9:07  Command Center  
Tags
 
Add a new tag
Caveats
  • Supply blocks, unpowered buildings, or Contaminate may cause inaccurate times.
  • Supply counts are checked every 10 seconds.